 Dungeon Crawl Stone Soup version 0.19.1 (webtiles) character file.

65 Melicamp the Bolt Thrower (level 4, 0/26 HPs)
             Began as a Kobold Hunter on Nov 27, 2016.
             Slain by an adder (2 damage)
             ... on level 2 of the Dungeon.
             The game lasted 00:07:58 (1438 turns).

Melicamp the Bolt Thrower (Kobold Hunter)           Turns: 1438, Time: 00:07:59

Health: 0/26       AC:  5    Str: 10    XL:     4   Next: 35%
Magic:  4/4        EV: 13    Int: 12    God:
Gold:   25         SH:  0    Dex: 15    Spells: 0 memorised, 3 levels left

rFire  . . .     SeeInvis .     a - +1 hand crossbow
rCold  . . .     Gourm    .     e - +0 ring mail
rNeg   . . .     Faith    .     (shield restricted)
rPois  .         Spirit   .     (no helmet)
rElec  .         Reflect  .     (no cloak)
rCorr  .         Harm     .     (no gloves)
MR     .....                    (no boots)
Stlth  +.........               (no amulet)
                                (no ring)
                                (no ring)

@: lethally poisoned (0 -> -16), invisible
A: carnivore 3
a: no special abilities


You were on level 2 of the Dungeon.
You were completely stuffed.

You visited 1 branch of the dungeon, and saw 2 of its levels.

You collected 25 gold pieces.

Inventory:

Hand Weapons
 a - a +1 hand crossbow (weapon)
 b - a +0 short sword
 i - a +0 hunting sling
Missiles
 d - 16 bolts (quivered)
 j - 19 stones
Armour
 e - a +0 ring mail (worn)
Scrolls
 c - 2 scrolls of remove curse
 k - 2 scrolls of noise
 l - a scroll of identify
Potions
 m - a potion of haste {unknown}
 n - a potion of mutation {unknown}
 o - a potion of heal wounds {unknown}
Comestibles
 f - 2 meat rations
 g - 7 chunks of flesh


   Skills:
 - Level 2.1 Fighting
 * Level 6.7 Crossbows
 - Level 2.4 Dodging
 - Level 1.3 Stealth


You had 3 spell levels left.
You didn't know any spells.

Dungeon Overview and Level Annotations

Branches:
Dungeon (2/15)

Altars:
Nemelex Xobeh


Innate Abilities, Weirdness & Mutations

You are small and have problems with some larger weapons.
You are carnivorous and can eat meat at any time.


Message History

You are more poisoned.
The adder poisons you!
Unknown command.
Firing (i - inventory. (,) - cycle):
d - 17 bolts (quivered)
Press: ? - help, Shift-Dir - straight line, f/p - adder
Aim: an adder (severely wounded)
You shoot a bolt. The bolt closely misses the adder.
You hear a splash.
You feel sick. The adder bites you.
You are lethally poisoned!
The adder poisons you! The adder bites you. x2
* * * LOW HITPOINT WARNING * * *
The adder bites you.
* * * LOW HITPOINT WARNING * * *
You are more poisoned.
The adder poisons you!
You fade into invisibility!
* * * LOW HITPOINT WARNING * * *
You feel sick. The adder barely misses you. The adder bites you.
You die...

≈≈≈≈≈≈≈≈≈≈≈..... #..
(≈(.$≈≈......≈≈.....###..
≈≈≈.≈≈≈≈≈≈≈≈≈≈≈≈.....##..
♣≈≈≈♣ ♣≈.≈♣ ♣≈≈.....##.. .
♣≈≈≈♣ ♣≈≈≈♣ ♣≈.......##.
(≈♣♣♣≈.≈♣♣♣≈.≈♣♣♣≈..........
(≈≈≈≈≈.≈≈≈≈≈.≈≈≈≈≈≈....#..#.
.≈..≈≈≈(..S≈≈....≈.....##.#.
.........lS@.........####.#.
################.....# #.#.
#.....# #.#. #.....####.#.
#.....+...... #.....#####..
#.....# #.. #.....# ##> #.


You could see 2 adders and a frilled lizard.

Vanquished Creatures
  An adder (D:2)
  An ooze (D:1)
  2 dart slugs (D:1)
  A leopard gecko (D:2)
  5 giant cockroaches
  9 goblins
  2 hobgoblins (D:1)
  6 jackals
  4 kobolds
  A quokka (D:2)
  5 bats
  2 frilled lizards
  4 rats (D:1)
43 creatures vanquished.

Notes
Turn   | Place    | Note
-------+----------+-------------------------------------------
     0 | D:1      | Melicamp the Kobold Hunter began the quest for the Orb.
     0 | D:1      | Reached XP level 1. HP: 12/12 MP: 1/1
    37 | D:1      | Found a sparkling altar of Nemelex Xobeh.
    66 | D:1      | Reached skill level 5 in Crossbows
   191 | D:1      | Reached XP level 2. HP: 17/17 MP: 2/2
   335 | D:1      | Reached XP level 3. HP: 21/21 MP: 3/3
   414 | D:1      | Reached skill level 6 in Crossbows
  1211 | D:2      | Reached XP level 4. HP: 26/26 MP: 4/4
  1438 | D:2      | Slain by an adder

Skill      XL: |  1  2  3 |
---------------+----------+-----
Crossbows      | 5 6 |  6.7
Fighting       | |  2.1
Dodging        | |  2.4
Stealth        | |  1.3

Action                   |  1- 3 |  4- 6 || total
-------------------------+-------+-------++-------
Melee: Short sword       |    73 |       ||    73
 Fire: Hand crossbow     |    25 |     2 ||    27
       Hunting sling     |     3 |    34 ||    37
  Use: Scroll            |     8 |     1 ||     9
       Potion            |       |     1 ||     1
  Eat: Chunk             |     9 |     1 ||    10
Armor: Leather armour    |     3 |       ||     3
       Ring mail         |    22 |    11 ||    33
Dodge: Dodged            |    52 |    27 ||    79
